 Dungeon Crawl Stone Soup version 0.31-a0-963-ga325b2283a (webtiles) character file.

Game seed: 7180278579117521568

1640 Hubris850 the Mimic (level 8, -4/60 (69) HPs)
             Began as a Merfolk Shapeshifter on Oct 25, 2023.
             Was an Initiate of Gozag.
             Slain by a sky beast (6 damage)
             ... on level 7 of the Dungeon.
             The game lasted 00:16:44 (5513 turns).

Hubris850 the Mimic (Merfolk Shapeshifter)          Turns: 5513, Time: 00:16:45

HP:   -4/60 (69)    AC:  9    Str: 22    XL:     8   Next: 99%
MP:   8/8           EV: 11    Int:  9    God:    Gozag
Gold: 488           SH:  5    Dex: 13    Spells: 7/7 levels left

rFire   . .          .
                       - Unarmed
rCold   . . .        I - melded +0 buckler "Didghuhu" {Str+5 Int-2 SInv Stlth+}
rNeg    . . .        g - melded +0 scale mail
rPois   .            F - melded +0 helmet
rElec   .            (cloak currently unavailable)
rCorr   .            (gloves currently unavailable)
SInv    .            M - melded +1 pair of boots {Stlth+}
Will    .....        J - amulet of reflection
Stlth   ++           (no ring)
HPRegen 0.30/turn    (no ring)
MPRegen 0.11/turn

%: reflection
@: snake-form, heavily drained
A: constrict, boosted hp, large, (nimble swimmer 2), (mertail)
a: Begin Untransformation, Renounce Religion, Potion Petition, Call Merchant,
Bribe Branch


You were on level 7 of the Dungeon.
You worshipped Gozag.
Gozag was aware of your devotion.
You were an enormous anaconda.
You visited 1 branch of the dungeon, and saw 7 of its levels.

You collected 736 gold pieces.
You spent 248 gold pieces at shops.

Inventory:

Hand Weapons
 H - a +2 dagger of electrocution
Missiles
 y - 9 javelins
 A - 6 poisoned darts
 O - 3 boomerangs
Armour
 a - a +0 animal skin
 g - a +0 scale mail (melded)
 n - a +0 ring mail
 B - a +0 pair of boots
 E - a +0 plate armour
 F - a +0 helmet (melded)
 I - the +0 buckler "Didghuhu" (melded) {Str+5 Int-2 SInv Stlth+}
   (You bought it in a shop on level 6 of the Dungeon)

   Str+5:     It affects your strength (+5).
   Int-2:     It affects your intelligence (-2).
   SInv:      It lets you see invisible.
   Stlth+:    It makes you more stealthy.
 M - a +1 pair of boots of stealth (melded)
 P - a +1 hat
Jewellery
 J - an amulet of reflection (around neck)
Talismans
 c - a beast talisman
 d - a flux talisman
 p - a serpent talisman (active)
 R - a maw talisman
Wands
 i - a wand of mindburst (11)
 C - a wand of polymorph (8)
 D - a wand of roots (7)
Scrolls
 f - 2 scrolls of amnesia
 h - 2 scrolls of teleportation
 j - a scroll of enchant armour {unknown}
 k - 3 scrolls of identify {unknown}
 l - a scroll of summoning {unknown}
 m - a scroll of brand weapon {unknown}
 r - 3 scrolls of enchant weapon {unknown}
 w - 2 scrolls of vulnerability {unknown}
 x - 4 scrolls of poison {unknown}
 z - a scroll of fog {unknown}
 G - a scroll of revelation {unknown}
 L - a scroll of torment {unknown}
Potions
 b - 3 potions of lignification
 e - 5 potions of attraction {unknown}
 o - 7 potions of curing {unknown}
 q - a potion of cancellation {unknown}
 s - 2 potions of haste {unknown}
 t - 2 potions of degeneration {unknown}
 u - 3 potions of might {unknown}
 v - 2 potions of magic {unknown}
 K - a potion of heal wounds {unknown}
 N - a potion of mutation {unknown}
 Q - a potion of resistance {unknown}


   Skills:
 - Level 3.0 Fighting
 - Level 2.0 Armour
 + Level 4.7 Dodging
 - Level 2.0 Stealth
 + Level 2.4 Shields
 + Level 6.6 Unarmed Combat
 - Level 10.0 Shapeshifting


You had 7 spell levels left.
You didn't know any spells.
Your spell library contained the following spells:

 Spells                   Type           Power      Damage    Failure   Level
 Sublimation of Blood     Necr           0%         N/A       52%         2
 Petrify                  Tmut/Erth      0%         N/A       99%         4
 Alistair's Intoxication  Tmut/Pois      0%         N/A       100%        5
 Borgnjor's Vile Clutch   Necr/Erth      0%         N/A       100%        5
 Irradiate                Conj/Tmut      0%         3d11      100%        5
 Eringya's Noxious Bog    Tmut/Pois      0%         4d6       100%        6


Dungeon Overview and Level Annotations

Branches:
Dungeon (7/15)             Temple (0/1) D:6

Altars:
Ashenzari
Gozag
Qazlal
Xom
The Shining One

Shops:
D:6 [

Annotations:
D:7 Jeremiah


Innate Abilities, Weirdness & Mutations

You are an enormous anaconda.
You have a powerful constriction melee attack.
Your maximum health is increased.
Your armour is entirely melded.
You are incapable of wielding weapons or throwing items.
((You are very nimble when in or above water. (Stealth+, EV+, Speed+++)))
((Your lower body shifts to a powerful aquatic tail in water.))


Message History

You can't do that in your present form.
Okay, then.
The butterfly disappears in a burst of colours! x3
As you read the scroll labelled RYLOVYXIOCH, it crumbles to dust.
It is a scroll of amnesia.
You feel forgetful for a moment.
As you read the scroll labelled KASIFYGOCU, it crumbles to dust.
You feel strangely unstable.
It was a scroll of teleportation.
The butterfly disappears in a burst of colours! x2
Your surroundings suddenly seem different.
A sky beast comes into view.
Found a spear.
The sky beast flickers out of sight!
Deactivating autopickup; reactivate with Ctrl-A.
You miss something. Something hits you but does no damage.
You closely miss something. You block something's attack.
You barely miss something. Something hits you but does no damage.
You barely miss something. Something hits you but does no damage.
You miss something. You block something's attack.
You barely miss something. Something hits you. Something shocks you.
* * * LOW HITPOINT WARNING * * *
You closely miss something. Something hits you but does no damage.
You miss something. You closely miss something.
Something hits you but does no damage.
You hit something. Something hits you.
* * * LOW HITPOINT WARNING * * *
Something shocks you.
* * * LOW HITPOINT WARNING * * *
You miss something. Something hits you but does no damage.
You completely miss something. Something hits you.
* * * LOW HITPOINT WARNING * * *
Something shocks you.
* * * LOW HITPOINT WARNING * * *
You miss something. Something hits you but does no damage.
You hit something. Something hits you but does no damage.
You hit something. Something hits you.
* * * LOW HITPOINT WARNING * * *
Something shocks you.
You die...
Your body crumbles into a pile of gold.

#......
#.....#
#....{#
#)....#
#.....#
#.....#
#.....# #
###.###.#
#.{S..#
#######


There were no monsters in sight!

Vanquished Creatures
  Grinder (D:5)
  An acid dragon (D:7)
  A black bear (D:6)
  An ogre (D:6)
  A phantom (D:5)
  A bullfrog (D:7)
  3 scorpions
  A howler monkey (D:5)
  A jelly (D:4)
  A hound (D:5)
  3 gnoll boudas
  4 iguanas
  Ijyb (D:3)
  Terence (D:3)
  4 orc wizards
  A sleepcap (D:6)
  14 adders
  12 gnolls
  A white imp (D:7)
  4 ufetubi
  A worm (D:4)
  6 dart slugs
  12 orcs
  15 ball pythons
  9 bats
  4 endoplasms
  3 giant cockroaches
  3 goblins
  4 hobgoblins
  6 jackals
  7 kobolds
  6 quokkas
  5 frilled lizards
  8 rats
146 creatures vanquished.

Notes
Turn   | Place    | Note
-------+----------+-------------------------------------------
     0 | D:1      | Hubris850 the Merfolk Shapeshifter began the quest for the
                  | Orb.
     0 | D:1      | Reached XP level 1. HP: 15/15 MP: 1/1
    47 | D:1      | Reached XP level 2. HP: 13/21 MP: 2/2
   317 | D:1      | Reached XP level 3. HP: 24/26 MP: 3/3
   784 | D:2      | Reached XP level 4. HP: 31/32 MP: 4/4
  1587 | D:2      | Reached XP level 5. HP: 34/37 MP: 5/5
  1909 | D:3      | Noticed Ijyb
  1924 | D:3      | Killed Ijyb
  1925 | D:3      | Reached skill level 1 in Armour
  1925 | D:3      | Reached skill level 5 in Unarmed Combat
  2231 | D:3      | Reached skill level 5 in Shapeshifting
  2241 | D:3      | Noticed Terence
  2256 | D:3      | Killed Terence
  2355 | D:3      | Found a faded altar of an unknown god.
  2359 | D:3      | Prayed at the altar of an unknown god.
  2359 | D:3      | Became a worshipper of Gozag Ym Sagoz the Greedy
  2585 | D:3      | Found a broken altar of Ashenzari.
  2639 | D:3      | Found a glowing golden altar of the Shining One.
  2761 | D:4      | Reached XP level 6. HP: 22/43 MP: 6/6
  3433 | D:4      | You fall into a shaft and drop 3 floors!
  3453 | D:7      | Reached skill level 6 in Shapeshifting
  3518 | D:6      | Reached XP level 7. HP: 46/48 MP: 7/7
  3533 | D:6      | Found Site's Armour Shop.
  3553 | D:6      | Bought the +0 buckler "Didghuhu" {Str+5 Int-2 SInv Stlth+}
                  | for 248 gold pieces
  3601 | D:6      | Reached skill level 7 in Shapeshifting
  3733 | D:6      | Found a staircase to the Ecumenical Temple.
  3768 | D:6      | Reached skill level 8 in Shapeshifting
  3877 | D:6      | Reached XP level 8. HP: 53/54 MP: 8/8
  4100 | D:7      | Reached skill level 9 in Shapeshifting
  4276 | D:5      | Entered Level 5 of the Dungeon
  4412 | D:5      | Reached skill level 10 in Shapeshifting
  4583 | D:5      | Reached skill level 1 in Stealth
  4597 | D:5      | Found a stormy altar of Qazlal.
  4706 | D:5      | Found a shimmering altar of Xom.
  4784 | D:5      | Reached skill level 1 in Shields
  5004 | D:5      | Noticed Grinder
  5014 | D:5      | Killed Grinder
  5465 | D:7      | Noticed Jeremiah
  5510 | D:7      | HP: 2/60 [something (5)]
  5513 | D:7      | Slain by a sky beast

Illustrated notes

Levels and vault maps discovered:
D:1:      psy_arrival_conway, layout_rooms
D:2:      layout_basic, supply_closet_lemuel, minmay_misc_feat_enclosed,
          nicolae_eternal_life, minmay_crystal_room
D:3:      layout_basic, tso_altar, grunt_ashenzari_visionary
          [grunt_ashenzari_visionary_shoals, grunt_ashenzari_visionary_snake],
          hellmonk_ecumenical_altar_heavens_door, uniq_natasha, uniq_ijyb,
          uniq_terence
D:4:      layout_loops_cross
D:5:      layout_loops_corners, mainiacjoe_overflow_large_starburst,
          nicolae_sextant, uniq_grinder
D:6:      layout_basic, temple_pool_b, serial_shops, shop, st_stairs_2
D:7:      layout_basic, fedhas_altar_2, minmay_increasing_density, uniq_jeremiah

Skill      XL: |  1  2  3  4  5  6  7  8 |
---------------+-------------------------+-----
Dodging        | 3 4 |  4.7
Unarmed Combat | 4 5 6 |  6.6
Armour         | 1 2 |  2.0
Shapeshifting  | 5 6 8 10 | 10.0
Stealth        | 2 |  2.0
Shields        | 2 |  2.4
Fighting       | 3 |  3.0

Action                     |  1- 3 |  4- 6 |  7- 9 || total
---------------------------+-------+-------+-------++-------
  Melee: Unarmed           |    94 |   180 |   144 ||   418
         Punch             |     1 |       |       ||     1
         Dagger            |       |       |    30 ||    30
         Constrict         |       |       |    15 ||    15
  Throw: Javelin           |       |     6 |       ||     6
Ability: Begin Untransform |       |     1 |     2 ||     3
  Evoke: Wand              |       |     4 |       ||     4
    Use: Scroll            |       |       |     2 ||     2
   Stab: Distracted        |       |       |     1 ||     1
 Armour: Animal skin       |    25 |       |       ||    25
         Scale mail        |    25 |    89 |    56 ||   170
         Skin              |       |       |    43 ||    43
  Dodge: Dodged            |    47 |    80 |    56 ||   183
  Block: Buckler           |       |       |    11 ||    11
         Other             |       |       |    23 ||    23
   Form: Flux              |       |     1 |     1 ||     2
         Beast             |       |       |     1 ||     1
         Anaconda          |       |       |     1 ||     1

Table legend: (Time is in decaauts)
 A = Elapsed time spent in this place.
 B = Non-inter-level travel time spent in this place.
 C = Inter-level travel time spent in this place.
 D = Time resting spent in this place.
 E = Time spent auto-exploring this place.
 F = Levels seen in this place.
 G = Mean time per level.
                   A        B        C        D        E       F      G
               +--------+--------+--------+--------+--------+-----+--------+
         Total |   5470 |   5261 |    209 |    476 |   3574 |   7 |  781.4 |
       Dungeon |   5470 |   5261 |    209 |    476 |   3574 |   7 |  781.4 |
               +--------+--------+--------+--------+--------+-----+--------+

Top non-repeatable levels by time:
     D:2: 1210 daAuts
     D:5: 1100 daAuts
     D:3: 839 daAuts
     D:4: 692 daAuts
     D:1: 667 daAuts
     D:6: 652 daAuts
     D:7: 307 daAuts
